 Dungeon Crawl Stone Soup version 0.31-a0-1395-g7c67ea8c80 (webtiles) character file.

Game seed: 15791056060491628394

1093 Bnni the Digger (level 8, -18/60 HPs)
             Began as a Formicid Earth Elementalist on Dec 25, 2023.
             Demolished by an ogre
             ... wielding a +0 giant spiked club
              (31 damage)
             ... on level 5 of the Dungeon.
             The game lasted 00:08:21 (5003 turns).

Bnni the Digger (Formicid Earth Elementalist)       Turns: 5003, Time: 00:08:22

Health: -18/60     AC:  7    Str: 20    XL:     8   Next: 57%
Magic:  2/14       EV: 10    Int: 16    God:
Gold:   407        SH:  0    Dex: 14    Spells: 1/15 levels left

rFire   . . .        s - +3 quarterstaff (chaos)
rCold   . . .        (no shield)
rNeg    . . .        u - +0 scale mail
rPois   .            (helmet unavailable)
rElec   .            r - +0 cloak
rCorr   .            (no gloves)
SInv    +            (no boots)
Will    .....        g - amulet of the acrobat
Stlth   +            t - +6 ring of strength
HPRegen 0.30/turn    (no ring)
MPRegen 0.14/turn

%: acrobat
@: no status effects
A: permanent stasis, dig shafts and tunnels, antennae 3, four strong arms
a: Dig, Shaft Self


You were on level 5 of the Dungeon.
You visited 2 branches of the dungeon, and saw 6 of its levels.

You collected 407 gold pieces.

Inventory:

Hand Weapons
 n - a +1 dagger of electrocution
 s - a +3 quarterstaff of chaos (weapon)
Missiles
 m - 6 poisoned darts
Armour
 r - a +0 cloak (worn)
 u - a +0 scale mail (worn)
 y - a +0 chain mail
Magical Staves
 k - a staff of cold
Jewellery
 g - an amulet of the acrobat (around neck)
 t - a +6 ring of strength (left hand)
Wands
 a - a wand of roots (8)
 h - a wand of flame (13)
 i - a wand of digging (5)
 q - a wand of quicksilver (4)
Scrolls
 c - 2 scrolls of teleportation {unknown}
 d - a scroll of butterflies {unknown}
 f - a scroll of enchant armour {unknown}
 j - 2 scrolls of amnesia {unknown}
 l - a scroll of enchant weapon {unknown}
 p - 2 scrolls of immolation {unknown}
 B - a scroll of vulnerability {unknown}
Potions
 b - a potion of magic
 e - a potion of lignification {unknown}
 o - a potion of invisibility {unknown}
 v - a potion of resistance {unknown}
 w - a potion of curing
 x - a potion of ambrosia
 z - a potion of degeneration {unknown}
 A - a potion of mutation


   Skills:
 + Level 4.0 Fighting
 - Level 0.1 Armour
 - Level 1.7 Dodging
 - Level 2.4 Stealth
 + Level 4.4 Spellcasting
 * Level 4.2 Conjurations
 * Level 7.8 Earth Magic
 - Level 2.0 Alchemy


You had one spell level left.
You knew the following spells:

 Your Spells              Type           Power      Damage    Failure   Level
a - Sandblast             Erth           56%        2d13      1%          1
b - Passwall              Alch/Erth      15%        N/A       10%         2
c - Stone Arrow           Conj/Erth      44%        3d9       12%         3
d - Brom's Barrelling Bo  Conj/Erth      22%        2d4       36%         4
p - Petrify               Alch/Erth      19%        N/A       54%         4

Your spell library contained the following spells:

 Spells                   Type           Power      Damage    Failure   Level
 Magic Dart               Conj           68%        1d6       9%          1
 Sting                    Conj/Alch      52%        1d6       14%         1
 Mercury Vapours          Alch/Air       12%        N/A       43%         2
 Call Imp                 Summ           6%         N/A       58%         2
 Gell's Gravitas          Tloc           3%         N/A       82%         3
 Teleport Other           Tloc           3%         N/A       82%         3
 Olgreb's Toxic Radiance  Alch           9%         N/A       91%         4
 Dispersal                Tloc           1%         N/A       100%        6
 Blink                    Tloc           Unusable   N/A       N/A         2

Dungeon Overview and Level Annotations

Branches:
Dungeon (5/15)             Temple (1/1) D:4

Altars:
Ashenzari
Dithmenos
Fedhas
Hepliaklqana
Kikubaaqudgha
Nemelex Xobeh
Okawaru
Qazlal
Ru
Sif Muna
Trog
Vehumet
Xom
Yredelemnul
Zin
The Shining One

Shops:
D:1 =


Innate Abilities, Weirdness & Mutations

You cannot be hasted, slowed, berserked, paralysed or teleported.
You can dig through walls and to a lower floor.
You have a pair of large antennae on your head. (SInv)
Your four strong arms can wield two-handed weapons with a shield.


Message History

Aiming: Sandblast (safe; 1% risk of failure)
Press: ? - help, Q - select action, (/) - cycle Shift-Dir - straight line, f/p - ice beast
Aim: an ice beast (lightly wounded, 83% to hit)
The blast of sand hits the ice beast.
The ice beast is moderately wounded.
The ice beast hits you. The ice beast freezes you.
Aiming: Sandblast (safe; 1% risk of failure)
Press: ? - help, Q - select action, (/) - cycle Shift-Dir - straight line, f/p - ice beast
Aim: an ice beast (moderately wounded, 83% to hit)
The blast of sand hits the ice beast but does no damage.
The ice beast is moderately wounded.
The ice beast barely misses you. The ice beast hits you.
The ice beast freezes you!
Aiming: Sandblast (safe; 1% risk of failure)
Press: ? - help, Q - select action, (/) - cycle Shift-Dir - straight line, f/p - ice beast
Aim: an ice beast (moderately wounded, 83% to hit)
The blast of sand hits the ice beast!
The ice beast is severely wounded.
The ice beast barely misses you.
Aiming: Sandblast (safe; 1% risk of failure)
Press: ? - help, Q - select action, (/) - cycle Shift-Dir - straight line, f/p - ice beast
Aim: an ice beast (severely wounded, 83% to hit)
The blast of sand misses the ice beast.
The ice beast hits you. The ice beast freezes you!
* * * LOW HITPOINT WARNING * * *
The ice beast hits you but does no damage.
Aiming: Sandblast (safe; 1% risk of failure)
Press: ? - help, Q - select action, (/) - cycle Shift-Dir - straight line, f/p - ice beast
Aim: an ice beast (severely wounded, 83% to hit)
The blast of sand hits the ice beast!
The ice beast is almost dead.
The ice beast completely misses you.
Aiming: Sandblast (safe; 1% risk of failure)
Press: ? - help, Q - select action, (/) - cycle Shift-Dir - straight line, f/p - ice beast
Aim: an ice beast (almost dead, 83% to hit)
The blast of sand hits the ice beast!
You kill the ice beast!
The ogre hits you with a +0 giant spiked club!!
Ouch! That really hurt!
You die...

#.....#####.......#≈.≈#
#.....'...'.......#...#
#.....#..[#.......#._.#
#.....#...##.######≈§§#
##.....#.####......#####
#.#######..##...>.##....
###.....######....##....
#.#.#.O....#....##....
#....@#, ,#..####'###
#.#.#.#{# #..##8...8#
#.....#.. #).##.....#
##'###### {##..##...###
#......#sh #...##_..#A#
#.#..#.#l..#...########
#......# ..#..## ###
#......# ####.# #.####
#.#..#.#..+[#.# #.....


You could see an ogre.

Vanquished Creatures
  A black bear (D:5)
  An ice beast (D:5)
  2 ogres
  2 phantoms
  3 scorpions
  2 bombardier beetles
  A hound (D:4)
  Crazy Yiuf (D:2)
  An orc priest (D:5)
  Ijyb (D:5)
  4 iguanas (D:5)
  2 orc wizards (D:5)
  A gnoll (D:1)
  7 adders
  A worm (D:3)
  2 dart slugs (D:1)
  5 orcs
  7 ball pythons
  2 bats (D:3)
  9 endoplasms
  5 giant cockroaches
  12 goblins
  8 hobgoblins
  4 jackals (D:2)
  4 quokkas
  A frilled lizard (D:1)
  10 kobolds
  10 rats
109 creatures vanquished.

Notes
Turn   | Place    | Note
-------+----------+-------------------------------------------
     0 | D:1      | Bnni the Formicid Earth Elementalist began the quest for
                  | the Orb.
     0 | D:1      | Reached XP level 1. HP: 13/13 MP: 3/3
   107 | D:1      | Reached XP level 2. HP: 18/20 MP: 0/5
   329 | D:1      | Reached skill level 4 in Earth Magic
   517 | D:1      | Found Imataid's Jewellery Emporium.
   614 | D:1      | Reached skill level 1 in Fighting
   614 | D:1      | Reached XP level 3. HP: 26/26 MP: 4/6
   648 | D:1      | Learned a level 2 spell: Passwall
   652 | D:1      | Learned a level 3 spell: Stone Arrow
  1165 | D:2      | Found a faded altar of an unknown god.
  1311 | D:2      | Reached XP level 4. HP: 31/32 MP: 4/7
  1721 | D:2      | Found a bloodstained altar of Trog.
  1754 | D:2      | Found a runed translucent door.
  1755 | D:2      | Noticed Crazy Yiuf
  1762 | D:2      | Killed Crazy Yiuf
  1763 | D:2      | Reached skill level 5 in Earth Magic
  2106 | D:3      | Reached XP level 5. HP: 38/38 MP: 6/9
  2563 | D:3      | Found a hazy altar of Hepliaklqana.
  2657 | D:4      | Reached skill level 1 in Conjurations
  2759 | D:4      | Reached XP level 6. HP: 11/45 MP: 5/10
  2954 | D:4      | Reached skill level 6 in Earth Magic
  3221 | D:4      | Noticed an ogre
  3233 | D:4      | Killed an ogre
  3234 | D:4      | Reached XP level 7. HP: 26/52 MP: 5/12
  3427 | D:4      | Found a staircase to the Ecumenical Temple.
  3438 | Temple   | Entered the Ecumenical Temple
  3448 | D:4      | Learned a level 4 spell: Brom's Barrelling Boulder
  4050 | D:5      | Entered Level 5 of the Dungeon
  4215 | D:5      | Found a sparkling altar of Nemelex Xobeh.
  4282 | D:5      | Found a glowing silver altar of Zin.
  4283 | D:5      | Noticed an angel
  4326 | D:5      | Reached skill level 7 in Earth Magic
  4326 | D:5      | Found a sacrificial altar of Ru.
  4420 | D:5      | Reached XP level 8. HP: 57/58 MP: 10/14
  4616 | D:5      | Noticed Ijyb
  4624 | D:5      | Killed Ijyb
  4982 | D:5      | Learned a level 4 spell: Petrify
  5003 | D:5      | Demolished by an ogre

Illustrated notes

Levels and vault maps discovered:
D:1:      matt_arrival_spirals, layout_basic, serial_shops,
          nicolae_shop_gaudy_bauble, minmay_misc_feat_pillars, minivault_24,
          moated_statue, minmay_ruptured
D:2:      layout_basic, ebering_ecumenical_altar_rust, basic_altar,
          dreamdust_wishing_well, uniq_crazy_yiuf_cottage
D:3:      layout_rooms, worldfamousw_hep_ancestral_shrine
D:4:      layout_basic, minmay_temple_entry_offerings, minmay_gold_behind_fungi
D:5:      minmay_clustersquares, layout_gridville,
          nicolae_ru_great_annihilating_truth, zin_angel, pf_just_have_faith,
          uniq_ijyb
Temple:   minmay_temple_bridge_abc

Skill      XL: |  1  2  3  4  5  6  7  8 |
---------------+-------------------------+-----
Alchemy        | 2 |  2.0
Earth Magic    | 4 5 6 7 |  7.8
Fighting       | 1 2 3 4 |  4.0
Spellcasting   | 3 4 |  4.4
Conjurations   | 1 2 3 4 |  4.2
Armour         | |  0.1
Dodging        | |  1.7
Stealth        | |  2.4

Action                     |  1- 3 |  4- 6 |  7- 9 || total
---------------------------+-------+-------+-------++-------
  Melee: Whip              |     1 |    10 |       ||    11
         Quarterstaff      |       |     6 |     8 ||    14
   Cast: Sandblast         |    44 |    81 |    75 ||   200
Ability: Dig               |       |       |     3 ||     3
  Evoke: Wand              |       |       |     1 ||     1
    Use: Scroll            |       |       |     5 ||     5
   Stab: Invisible         |       |       |     1 ||     1
 Armour: Robe              |    10 |    12 |       ||    22
         Ring mail         |       |    20 |    20 ||    40
         Scale mail        |       |     6 |    17 ||    23
  Dodge: Dodged            |     9 |    50 |    30 ||    89

Table legend: (Time is in decaauts)
 A = Elapsed time spent in this place.
 B = Non-inter-level travel time spent in this place.
 C = Inter-level travel time spent in this place.
 D = Time resting spent in this place.
 E = Time spent auto-exploring this place.
 F = Levels seen in this place.
 G = Mean time per level.
                   A        B        C        D        E       F      G
               +--------+--------+--------+--------+--------+-----+--------+
         Total |   5105 |   4993 |    112 |    286 |   3789 |   6 |  850.8 |
       Dungeon |   5103 |   4991 |    112 |    286 |   3789 |   5 | 1020.6 |
        Temple |      1 |      1 |      0 |      0 |      0 |   1 |    1.0 |
               +--------+--------+--------+--------+--------+-----+--------+

Top non-repeatable levels by time:
     D:4: 1428 daAuts
     D:1: 1100 daAuts
     D:2: 1014 daAuts
     D:5: 985 daAuts
     D:3: 574 daAuts
  Temple: 1 daAuts
